[Event "Team 45 45 League T49"]
[Site "Internet Chess Club"]
[Date "2011.06.11"]
[Round "5"]
[White "TerryMalloy"]
[Black "ben622"]
[Result "1/2-1/2"]
[WhiteElo "1984"]
[BlackElo "1925"]
[Opening "Grünfeld defense"]
[ECO "D80"]
[Time "18:13:14"]
[TimeControl "2700+45"]

1. d4 Nf6 2. c4 g6 3. Nc3 d5 4. e3 Bg7 5. Qb3 dxc4 6. Bxc4 O-O 7. Nf3 Nfd7 8.
O-O Nb6 9. Be2 Be6 10. Qc2 Nc6 11. Rd1 Nb4 12. Qd2 Nc4 13. Bxc4 Bxc4 14. b3 Ba6
15. Ba3 Nc6 16. b4 Bc4 17. b5 Na5 18. Rac1 a6 19. Bb4 axb5 20. Nxb5 Nb3 21. axb3
{Game drawn by mutual agreement} 1/2-1/2

[Event "Team 45 45 League T49"]
[Site "Internet Chess Club"]
[Date "2011.06.13"]
[Round "5"]
[White "DreamCatcher13"]
[Black "JeeniousChess"]
[Result "0-1"]
[WhiteElo "1823"]
[BlackElo "1829"]
[Opening "Sicilian: Alapin's variation (2.c3)"]
[ECO "B22"]
[Time "10:42:30"]
[TimeControl "2700+45"]

1. e4 c5 2. c3 Nf6 3. e5 Nd5 4. d4 e6 5. Nf3 cxd4 6. Qxd4 Nc6 7. Qe4 f5 8. exf6
Nxf6 9. Qh4 d5 10. Bb5 Bd6 11. Bg5 O-O 12. Nbd2 e5 13. Nf1 e4 14. N3d2 Qb6 15.
a4 Ne7 16. Be3 Qc7 17. Ng3 h6 18. O-O Ng6 19. Qxf6 Rxf6 20. Bd4 Rf8 21. Kh1 a6
22. Be2 Nf4 23. Bd1 Be6 24. Rc1 Be5 25. Nb3 Nd3 26. Rc2 Bd7 27. a5 Ba4 28. Rd2
Bxd4 29. Nxd4 Bxd1 30. Ne6 Qxa5 31. Nxf8 Rxf8 32. Rfxd1 Nxf2+ {White resigns}
0-1

[Event "Team 45 45 League T49"]
[Site "Internet Chess Club"]
[Date "2011.06.11"]
[Round "5"]
[White "bshribharath"]
[Black "MtzKid"]
[Result "0-1"]
[WhiteElo "1756"]
[BlackElo "1739"]
[Opening "English: symmetrical variation"]
[ECO "A34"]
[Time "12:01:18"]
[TimeControl "2700+45"]

1. c4 c5 2. Nc3 g6 3. Nf3 Bg7 4. e4 Nc6 5. Be2 d6 6. O-O Nh6 7. d4 cxd4 8. Bxh6
Bxh6 9. Nxd4 Bg7 10. Nc2 O-O 11. Qd2 Qa5 12. Rad1 Be6 13. a3 Bxc3 14. bxc3 Ne5
15. Qd4 Rac8 16. f4 Bxc4 {White resigns} 0-1

[Event "Team 45 45 League T49"]
[Site "Internet Chess Club"]
[Date "2011.06.14"]
[Round "5"]
[White "Colombiano07"]
[Black "Ptzz"]
[Result "0-1"]
[WhiteElo "1847"]
[BlackElo "2136"]
[Opening "Caro-Kann: classical, 6.h4"]
[ECO "B18"]
[Time "10:02:33"]
[TimeControl "2700+45"]

1. e4 c6 2. d4 d5 3. Nc3 dxe4 4. Nxe4 Bf5 5. Ng3 Bg6 6. h4 h6 7. Nh3 Nf6 8. Nf4
Bh7 9. Be3 e6 10. Bd3 Bxd3 11. Nxd3 Nbd7 12. Qe2 Bd6 13. O-O-O Qa5 14. Kb1 O-O-O
15. Bd2 Qc7 16. f4 Nd5 17. Ne5 Rhf8 18. Ne4 N7f6 19. g4 Nxe4 20. Qxe4 f5 21.
gxf5 Bxe5 22. dxe5 Rxf5 23. Qa4 b5 24. Qa3 Qe7 25. Qa6+ Qb7 26. Qa3 Qe7 27. Qf3
g5 28. hxg5 hxg5 29. Rc1 Qc5 30. Rh6 Nxf4 31. Bxf4 Rxf4 32. Qb3 Qxe5 33. Rxe6
Qd5 34. Qe3 Rf3 35. Qe2 g4 36. c4 bxc4 37. Rxc4 Qf5+ 38. Qe4 Rf1+ 39. Kc2 Rf2+
40. Kb3 Qb5+ 41. Rb4 Rd3+ 42. Qxd3 Qxd3+ 43. Ka4 Qa6+ 44. Kb3 Rf3+ 45. Kc2 Qd3+
46. Kc1 Rf1+ 47. Re1 Rxe1# {White checkmated} 0-1

[Event "Team 45 45 League T49"]
[Site "Internet Chess Club"]
[Date "2011.06.13"]
[Round "5"]
[White "Jack-ONeill"]
[Black "MikeA"]
[Result "1/2-1/2"]
[WhiteElo "2001"]
[BlackElo "2190"]
[Opening "English opening"]
[ECO "A05"]
[Time "15:01:14"]
[TimeControl "2700+45"]

1. Nf3 Nf6 2. c4 g6 3. g3 Bg7 4. Bg2 O-O 5. O-O d6 6. Nc3 Nc6 7. d3 e5 8. Rb1
Re8 9. Bg5 h6 10. Bxf6 Bxf6 11. b4 a6 12. Qc2 Be6 13. Nd5 Bg7 14. a4 Qd7 15. b5
axb5 16. axb5 Ne7 17. Nd2 Bxd5 18. cxd5 Rec8 19. Rfc1 Ra5 20. Qc4 h5 21. h4 f5
22. e3 Bf6 23. Bh3 Kg7 {Game drawn by mutual agreement} 1/2-1/2

[Event "Team 45 45 League T49"]
[Site "Internet Chess Club"]
[Date "2011.06.13"]
[Round "5"]
[White "CaoCao"]
[Black "Despair"]
[Result "1/2-1/2"]
[WhiteElo "1893"]
[BlackElo "2012"]
[Opening "Owen defense"]
[ECO "B00"]
[Time "22:43:00"]
[TimeControl "2700+45"]

1. e4 b6 2. d4 Bb7 3. Bd3 g6 4. Nf3 Bg7 5. O-O d6 6. c3 Nf6 7. Qe2 O-O 8. Nbd2
Nbd7 9. Ba6 Bxa6 10. Qxa6 c5 11. d5 Ne5 12. Nxe5 dxe5 13. Qe2 Nh5 14. Nf3 Qd7
15. Rd1 Qg4 16. h3 Nf4 17. Bxf4 Qxf4 18. Qe3 Qxe3 19. fxe3 Rfd8 {Game drawn by
mutual agreement} 1/2-1/2

[Event "Team 45 45 League T49"]
[Site "Internet Chess Club"]
[Date "2011.06.11"]
[Round "5"]
[White "ivanson"]
[Black "primerpaso"]
[Result "0-1"]
[WhiteElo "1789"]
[BlackElo "1850"]
[Opening "Sicilian: Alapin's variation (2.c3)"]
[ECO "B22"]
[Time "17:03:04"]
[TimeControl "2700+45"]

1. e4 c5 2. c3 Nf6 3. e5 Nd5 4. d4 e6 5. Nf3 cxd4 6. cxd4 Nc6 7. a3 d6 8. Bd3
Qc7 9. exd6 Bxd6 10. O-O O-O 11. Bxh7+ Kxh7 12. Ng5+ Kg8 13. Qh5 Nf6 14. Qh4 Ne7
15. Bd2 Nf5 16. Qh3 Nxd4 17. Nc3 e5 18. Qd3 Bf5 {White resigns} 0-1

[Event "Team 45 45 League T49"]
[Site "Internet Chess Club"]
[Date "2011.06.08"]
[Round "5"]
[White "alexping"]
[Black "futureGM"]
[Result "0-1"]
[WhiteElo "1910"]
[BlackElo "1829"]
[Opening "QGD: classical variation (5.Bf4)"]
[ECO "D37"]
[Time "12:01:10"]
[TimeControl "2700+45"]

1. d4 d5 2. c4 e6 3. Nc3 Nf6 4. Nf3 Be7 5. Bf4 O-O 6. e3 c5 7. dxc5 Bxc5 8. a3
Nc6 9. b4 Be7 10. Qb3 a5 11. b5 a4 12. Qc2 Na5 13. Nxa4 dxc4 14. Rd1 Bd7 15. Ne5
Bxa3 16. Bxc4 Bb4+ 17. Ke2 Nxc4 18. Qxc4 Rxa4 19. Bg5 Qe8 20. Nxd7 Nxd7 21. Rxd7
Qxd7 22. Rd1 Qc8 23. Qb3 Qa8 24. Rd4 Ra2+ 25. Kf3 b6+ 26. Kg3 Be1 27. Rf4 Ra3
28. Qd1 Rxe3+ 29. Kg4 Qxg2+ {White resigns} 0-1

[Event "Team 45 45 League T49"]
[Site "Internet Chess Club"]
[Date "2011.06.09"]
[Round "5"]
[White "bshribharath"]
[Black "fishhead"]
[Result "1-0"]
[WhiteElo "1774"]
[BlackElo "1924"]
[Opening "Alekhine's defense: exchange variation"]
[ECO "B02"]
[Time "12:02:24"]
[TimeControl "2700+45"]

1. e4 Nf6 2. e5 Nd5 3. c4 Nb6 4. d4 d6 5. exd6 cxd6 6. Nc3 g6 7. Be3 Bg7 8. Qd2
Nc6 9. O-O-O O-O 10. Bh6 Bf5 11. f3 Rc8 12. g4 Bd7 13. Bxg7 Kxg7 14. c5 Na8 15.
h4 f5 16. h5 Rh8 17. h6+ Kf7 18. Bc4+ e6 19. gxf5 gxf5 20. d5 Ne5 21. dxe6+ Bxe6
22. Bxe6+ Kxe6 23. Qd5+ Kf6 24. f4 Ng4 25. cxd6 Qd7 26. Re1 Rhe8 27. Rxe8 Rxe8
28. Nf3 Re6 29. Qd4+ Kg6 30. Nh4+ Kxh6 31. Nxf5+ Kg6 32. Nh4+ Kf7 33. f5 Rxd6
34. Qxg4 Qc6 35. Rg1 {Black resigns} 1-0

[Event "Team 45 45 League T49"]
[Site "Internet Chess Club"]
[Date "2011.06.10"]
[Round "5"]
[White "misuc56"]
[Black "Ivio"]
[Result "1/2-1/2"]
[WhiteElo "1805"]
[BlackElo "1734"]
[Opening "QGD: Albin counter-gambit"]
[ECO "D08"]
[Time "16:00:05"]
[TimeControl "2700+45"]

1. d4 d5 2. c4 e5 3. e3 exd4 4. exd4 dxc4 5. Bxc4 Nf6 6. h3 Bb4+ 7. Nc3 O-O 8.
Nf3 Ne4 9. Qc2 Bf5 10. Bd3 Nxc3 11. bxc3 Bxd3 12. Qxd3 Bd6 13. O-O h6 14. Be3
Nd7 15. c4 Re8 16. Rfd1 Nf6 17. d5 Qe7 18. Rab1 b6 19. Nd4 Qe5 20. Nf3 Qe4 21.
Qxe4 Nxe4 22. Rb3 Rad8 23. g3 a5 24. a4 Nc5 25. Bxc5 Bxc5 26. Rb2 Re4 27. Rc2
Rde8 28. Kf1 g6 29. h4 Kg7 30. Rdd2 Bb4 31. Re2 Rxe2 32. Rxe2 Rxe2 33. Kxe2 Kf6
34. g4 g5 35. hxg5+ hxg5 36. Kd3 Bc5 37. Nd2 Ke5 38. f3 Kf4 39. Ke2 Bb4 40. Ne4
f5 41. gxf5 Kxf5 42. Ng3+ Ke5 43. Kd3 Kf4 44. Ne4 g4 45. fxg4 Kxg4 46. Kd4 Kf4
47. Nf6 Bc5+ 48. Kd3 Ke5 49. Nd7+ Kf4 50. Nb8 Ke5 51. Nc6+ Kf4 52. Nd8 Ke5 53.
Ne6 Bd6 54. Nd4 Kf4 55. Nc6 Kf5 56. Nd4+ Kf4 57. Ne6+ Ke5 58. Ke3 Bc5+ 59. Kd3
Bd6 60. Ng5 Bc5 61. Nf7+ Kf4 62. Nd8 Ke5 63. Nc6+ Kf4 64. Nd4 Bd6 65. c5 Bxc5
66. Ne6+ Ke5 67. Nxc7 Kd6 68. Nb5+ Kxd5 69. Nc3+ Kd6 70. Kc4 Kc6 71. Nd5 Bg1 72.
Nf4 Bc5 73. Ne6 Bg1 74. Ng5 Bc5 75. Nf3 Bf2 76. Ne5+ Kd6 77. Nd3 Bg1 78. Kb5 Bc5
79. Nb2 Bg1 80. Nc4+ Kc7 81. Ne5 Bf2 {Game drawn by mutual agreement} 1/2-1/2

[Event "Team 45 45 League T49"]
[Site "Internet Chess Club"]
[Date "2011.06.11"]
[Round "5"]
[White "MasterOfTheKeys"]
[Black "rubo"]
[Result "1-0"]
[WhiteElo "1684"]
[BlackElo "1737"]
[Opening "Caro-Kann: classical, Spassky variation"]
[ECO "B19"]
[Time "21:01:04"]
[TimeControl "2700+45"]

1. e4 c6 2. d4 d5 3. Nd2 dxe4 4. Nxe4 Bf5 5. Ng3 Bg6 6. h4 h6 7. Nf3 Nd7 8. h5
Bh7 9. Bd3 Bxd3 10. Qxd3 Ngf6 11. Bd2 e6 12. O-O-O Bd6 13. Ne4 Nxe4 14. Qxe4 Nf6
15. Qe2 Qc7 16. c4 Bf4 17. Ne5 Bxd2+ 18. Qxd2 O-O-O 19. f4 Rhe8 20. Qe2 Re7 21.
Kb1 Kb8 22. g4 Nd7 23. Qe4 Nxe5 24. dxe5 Red7 25. Rxd7 Qxd7 26. Qh7 Qd4 27. Rc1
Qxf4 28. Qxg7 Qe4+ 29. Ka1 Qxc4 30. Kb1 Qe4+ 31. Ka1 Qc2 32. Qxh6 Rd1 33. Qf8+
Kc7 34. Qd6+ Rxd6 35. exd6+ Kxd6 36. Rxc2 Ke7 37. g5 Kf8 38. h6 Kg8 39. Rf2 a5
40. Rf6 b5 41. Kb1 c5 42. Kc2 c4 43. Kc3 e5 44. Rf5 e4 45. Rxb5 e3 46. Re5
{Black resigns} 1-0

[Event "Team 45 45 League T49"]
[Site "Internet Chess Club"]
[Date "2011.06.12"]
[Round "5"]
[White "Gregorio"]
[Black "giltar"]
[Result "1/2-1/2"]
[WhiteElo "1977"]
[BlackElo "1832"]
[Opening "English opening"]
[ECO "A25"]
[Time "14:32:13"]
[TimeControl "2700+45"]

1. c4 e5 2. g3 Nc6 3. Nc3 f5 4. Bg2 Nf6 5. d3 Bb4 6. Bd2 O-O 7. a3 Bc5 8. b4 Bd4
9. e3 Bxc3 10. Bxc3 Qe8 11. Ne2 d6 12. O-O Nh5 {Game drawn by mutual agreement}
1/2-1/2

[Event "Team 45 45 League T49"]
[Site "Internet Chess Club"]
[Date "2011.06.12"]
[Round "5"]
[White "Philly-Boy"]
[Black "MeanMrMustard"]
[Result "1-0"]
[WhiteElo "1867"]
[BlackElo "1805"]
[Opening "QGD Slav: Krause attack"]
[ECO "D17"]
[Time "21:02:42"]
[TimeControl "2700+45"]

1. d4 d5 2. c4 c6 3. Nf3 Nf6 4. Nc3 dxc4 5. a4 Bf5 6. Ne5 Nbd7 7. Nxc4 Nb6 8. e3
e6 9. Ne5 Nbd7 10. g4 Be4 11. Nxe4 Nxe4 12. Bd3 Bb4+ 13. Kf1 Nxf2 14. Kxf2 Qh4+
15. Kg2 Nxe5 16. dxe5 O-O-O 17. Rf1 h5 18. g5 Qxg5+ 19. Kh1 Qxe5 20. e4 Qd4 21.
Rf3 f5 22. exf5 e5 23. Qe2 e4 24. Qxe4 Qxe4 25. Bxe4 Rd1+ 26. Kg2 Re8 27. Bc2
Re2+ 28. Rf2 Rxf2+ 29. Kxf2 Bd2 30. Bxd1 {Black resigns} 1-0

[Event "Team 45 45 League T49"]
[Site "Internet Chess Club"]
[Date "2011.06.09"]
[Round "5"]
[White "ghostfire"]
[Black "Monsieur"]
[Result "1-0"]
[WhiteElo "1726"]
[BlackElo "1522"]
[Opening "Scotch opening"]
[ECO "C44"]
[Time "22:02:04"]
[TimeControl "2700+45"]

1. e4 e5 2. Nf3 Nc6 3. d4 f6 4. dxe5 fxe5 5. Bc4 Be7 6. Qd5 Bb4+ 7. c3 Qe7 8.
cxb4 Nxb4 9. Qd1 Qc5 10. Bb3 Nd3+ 11. Qxd3 Qxc1+ 12. Qd1 Qxb2 13. Nbd2 Nf6 14.
Rc1 b5 15. Rxc7 d5 16. exd5 O-O 17. d6+ Kh8 18. O-O Bg4 19. Qc1 Qxc1 20. Rfxc1
Bxf3 21. Nxf3 e4 22. Ng5 h6 23. Ne6 Rfd8 24. Nxd8 {Black resigns} 1-0

[Event "Team 45 45 League T49"]
[Site "Internet Chess Club"]
[Date "2011.06.10"]
[Round "5"]
[White "BrerRabbit"]
[Black "Frankly"]
[Result "0-1"]
[WhiteElo "1504"]
[BlackElo "1768"]
[Opening "English opening"]
[ECO "A20"]
[Time "10:49:19"]
[TimeControl "2700+45"]

1. c4 e5 2. g3 Nf6 3. Bg2 c6 4. d4 e4 5. Nc3 d5 6. cxd5 cxd5 7. Bg5 Be6 8. Nh3
Be7 9. Rc1 O-O 10. Nf4 Nbd7 11. O-O Rc8 12. Qb3 Nb6 13. e3 Rc4 14. Qd1 Qd7 15.
Qd2 Rfc8 16. Rc2 Na4 17. Rfc1 Nxc3 18. bxc3 Qc6 19. Rb1 b5 20. Bf1 Rxc3 21. Rxc3
Qxc3 22. Qxc3 Rxc3 23. Bxf6 Bxf6 24. Rxb5 Rc1 25. Kg2 h6 26. Nxd5 Bg4 27. Nxf6+
gxf6 28. Ra5 Bf3+ 29. Kg1 Be2 30. Rxa7 Bxf1 31. a4 Bh3# {White checkmated} 0-1